 Dungeon Crawl Stone Soup version 0.31.0-2-g5a2aebc5c2 (webtiles) character file.

Game seed: 17557206194659290728

27915 SnakkuSnakku7 the Severer (level 13, -3/84 (103) HPs)
             Began as a Formicid Cinder Acolyte on Jan 20, 2024.
             Was a Believer of Ignis.
             Slain by a hell rat (5 damage)
             ... on level 4 of the Lair of Beasts.
             The game lasted 00:24:02 (13103 turns).

SnakkuSnakku7 the Severer (FoCA)                   Turns: 13103, Time: 00:24:02

HP:   -3/84 (103)   AC: 15    Str: 22    XL:     13   Next: 69%
MP:   14/14         EV: 10    Int: 19    God:    Ignis [**....]
Gold: 375           SH:  0    Dex:  9    Spells: 12/14 levels left

rFire   + + +        a - +8 frozen axe "Frostbite" {freeze, freezing cloud, *Noise Fly rC+}
rCold   + + .        (no shield)
rNeg    . . .        B - +8 ring mail of Kounuokh {rElec Regen+ Int+3}
rPois   .            (helmet unavailable)
rElec   +            x - scarf of Unreason {repulsion, rF++}
rCorr   .            f - +0 pair of gloves
SInv    +            i - +0 pair of boots
Will    ++...        (no amulet) Stlth
                     w - ring of protection from cold
HPRegen 1.14/turn    t - ring of willpower
MPRegen 0.14/turn

%: repel missiles
@: flying, heavily drained
A: permanent stasis, dig shafts and tunnels, antennae 3, four strong arms
a: Dig, Shaft Self, Renounce Religion, Fiery Armour, Foxfire Swarm, Rising Flame


You were on level 4 of the Lair of Beasts.
You worshipped Ignis.
Ignis was pleased with you.
You visited 4 branches of the dungeon, and saw 17 of its levels.

You collected 1337 gold pieces.
You spent 962 gold pieces at shops.

Inventory:

Hand Weapons
 a - the +8 frozen axe "Frostbite" (weapon) {freeze, freezing cloud, *Noise Fly rC+}
   (You bought it in a shop on level 4 of the Dungeon)

   rC+:       It protects you from cold.
   Fly:       It grants you flight.
   *Noise:    It may make a loud noise when swung.
 q - a -1 hand axe of flaming
 D - a +1 flail of protection
 G - a +0 broad axe
Armour
 b - a +0 robe
 d - a +0 plate armour
 f - a +0 pair of gloves (worn)
 i - a +0 pair of boots (worn)
 x - the scarf of Unreason (worn) {repulsion, rF++}
   (You found it on level 7 of the Dungeon)

   rF++:      It greatly protects you from fire.
 B - the +8 ring mail of Kounuokh (worn) {rElec Regen+ Int+3}
   (You found it on level 8 of the Dungeon)

   Int+3:     It affects your intelligence (+3).
   rElec:     It insulates you from electricity.
   Regen+:    It increases your rate of health regeneration.
Jewellery
 k - a ring of magical power
 t - a ring of willpower (right hand)
 w - a ring of protection from cold (left hand)
 C - a ring of ice
Wands
 z - a wand of paralysis (15)
 E - a wand of mindburst (9)
Scrolls
 g - 2 scrolls of vulnerability {unknown}
 h - 4 scrolls of fog
 j - 2 scrolls of enchant weapon {unknown}
 l - a scroll of silence
 m - 2 scrolls of poison {unknown}
 o - a scroll of enchant armour {unknown}
 r - 2 scrolls of summoning {unknown}
 v - 2 scrolls of amnesia {unknown}
 y - a scroll of fear
 A - 2 scrolls of immolation
 I - a scroll of noise {unknown}
 J - 3 scrolls of identify
 K - a scroll of brand weapon {unknown}
Potions
 c - 3 potions of enlightenment
 e - 2 potions of curing
 n - a potion of lignification
 p - 3 potions of might
 s - a potion of magic
 u - a potion of brilliance
 F - a potion of resistance {unknown}


   Skills:
 - Level 10.0 Fighting
 + Level 18.3 Axes
 - Level 1.1 Spellcasting
 - Level 11.3 Hexes
 - Level 3.0 Fire Magic


You had 12 spell levels left.
You knew the following spells:

 Your Spells              Type           Power      Damage    Failure   Level
a - Jinxbite              Hex            86%        N/A       1%          2

Your spell library contained the following spells:

 Spells                   Type           Power      Damage    Failure   Level
 Cause Fear               Hex            21%        N/A       3%          4
 Scorch                   Fire           24%        2d6       13%         2
 Foxfire                  Conj/Fire      24%        2x1d5     16%         1
 Anguish                  Hex/Necr       11%        N/A       28%         4
 Apportation              Tloc           2%         N/A       30%         1
 Magic Dart               Conj           4%         1d3       30%         1
 Call Imp                 Summ           2%         N/A       41%         2
 Static Discharge         Conj/Air       2%         3-4/arc   41%         2
 Summon Ice Beast         Ice/Summ       1%         N/A       65%         3
 Enfeeble                 Hex            21%        N/A       94%         7
 Airstrike                Air            0%         2d(1-17)  96%         4
 Leda's Liquefaction      Alch/Erth      0%         N/A       96%         4
 Summon Lightning Spire   Summ/Air       1%         N/A       96%         4
 Alistair's Intoxication  Alch           0%         N/A       100%        5
 Borgnjor's Vile Clutch   Necr/Erth      0%         N/A       100%        5
 Lee's Rapid Deconstruct  Erth           0%         3d4*      100%        5
 Bombard                  Conj/Erth      0%         9d1       100%        6
 Plasma Beam              Fire/Air       3%         2x1d13    100%        6
 Starburst                Conj/Fire      3%         6d3       100%        6
 Haunt                    Necr/Summ      0%         N/A       100%        7
 Ignition                 Fire           6%         3d4       100%        8
 Blink                    Tloc           Unusable   N/A       N/A         2

Dungeon Overview and Level Annotations

Branches:
Dungeon (10/15)            Temple (1/1) D:4            Lair (4/5) D:10
  Swamp (0/4) Lair:2        Snake (0/4) Lair:2          Orc (2/2) D:9
  Slime: Lair:4-5       Elf: Orc:2

Altars:
Ashenzari
Cheibriados
Dithmenos
Elyvilon
Fedhas
Gozag
Hepliaklqana
Kikubaaqudgha
Makhleb
Nemelex Xobeh
Okawaru
Qazlal
Ru
Sif Muna
Trog
Uskayaw
Vehumet
Wu Jian
Xom
Yredelemnul
Zin
The Shining One

Shops:
D:2 ?   D:4 (   Orc:2 (


Innate Abilities, Weirdness & Mutations

You cannot be hasted, slowed, berserked, paralysed or teleported.
You can dig through walls and to a lower floor.
You have a pair of large antennae on your head. (SInv)
Your four strong arms can wield two-handed weapons with a shield.


Message History

You kill the hell rat!
The hell rat is engulfed in freezing vapours.
You kill the hell rat!
The hell rat closely misses you.
The polar bear bites you but does no damage.
The polar bear closely misses you.
The polar bear claws you but does no damage.
Unknown command.
You closely miss the hell rat. You barely miss the hell rat.
You slice the polar bear!! You freeze the polar bear. The hell rat bites you.
The hell rat bites you!
* * * LOW HITPOINT WARNING * * *
You feel drained.
* * * LOW HITPOINT WARNING * * *
The polar bear bites you but does no damage.
The polar bear closely misses you.
The polar bear claws you but does no damage.
Unknown command.
You hit the hell rat but do no damage. You slash the hell rat!
You freeze the hell rat. You barely miss the polar bear.
The hell rat barely misses you.
The polar bear bites you but does no damage.
The polar bear claws you.
* * * LOW HITPOINT WARNING * * *
The polar bear claws you but does no damage.
You slice the hell rat!! You freeze the hell rat.
You kill the hell rat!
You slash the polar bear! You freeze the polar bear.
You barely miss the hell rat. The hell rat bites you!
* * * LOW HITPOINT WARNING * * *
The polar bear goes berserk!
Unknown command.
Unknown command.
You closely miss the hell rat. You completely miss the polar bear.
You slice the hell rat!! You freeze the hell rat.
You kill the hell rat!
The hell rat bites you!
* * * LOW HITPOINT WARNING * * *
You feel drained.
You die...

* **,,,,,,,........## *.#
*,,,,,,...........## *..
***,,,,,,............##########..
*,*,,,,,,..)..........##.##.##...
*,,,,,,,,.......................#
*,*,,,,,,..........P.....##...P.#
,*,,,,,,,............##.####...##
,,,,,,,,,......○h...##### #....#
,,,,,**,,......r@.### ###...
,,,,,,*,,......††## #...
,,,,,,,,*.......## #..#
,,,,,,,,,.......* ##..
,,,,,*,,,......#* #...
,,,,,,***##..$P* #..† ,,,,,,*
##..#** ##.. ***+*+* *...,,* ##.
* *,,,* **,,,** #.


You could see a polar bear (berserk) and a hell rat.

Vanquished Creatures
  2 hydras
  Erica (D:8)
  3 two-headed ogres
  2 skysharks
  A will-o-the-wisp (Lair:2)
  An elephant (D:10)
  2 kobold blastminers (Orc:2)
  A black mamba (Lair:1)
  4 cane toads
  2 rime drakes
  7 komodo dragons
  The ghost of rozman the Covered, an amateur MiFi of Cheibriados (D:4)
  5 trolls
  2 polar bears
  6 blink frogs
  4 dream sheep (Lair:2)
  3 shadows (D:9)
  2 wraiths
  31 yaks
  4 wyverns
  A warg (Orc:1)
  3 basilisks
  4 steam dragons
  6 nagas (Lair:2)
  Edmund (D:4)
  13 water moccasins
  2 sky beasts (D:8)
  3 ice beasts
  4 orc warriors (Orc:2)
  4 black bears
  5 wolves (Lair:3)
  9 ogres
  3 centaurs
  10 bullfrogs
  Blork the orc (D:6)
  2 kobold brigands (D:9)
  2 troll zombies (D:9)
  10 killer bees (D:8)
  5 howler monkeys
  6 hounds
  A centaur zombie (D:4)
  2 bullfrog zombies (D:4)
  3 jellies
  4 bombardier beetles
  12 orc priests
  Jessica (D:3)
  Natasha (thrice) (D:2)
  5 iguanas
  4 orc wizards
  5 hell rats (Lair:4)
  4 ogre zombies (D:9)
  Robin (D:3)
  6 adders
  A white imp (D:5)
  A dart slug (D:5)
  2 ribbon worms
  20 orcs
  2 endoplasms
  3 giant cockroaches
  2 gnoll zombies (D:9)
  7 hobgoblins
  4 jackals
  5 quokkas
  5 ball pythons
  4 bats
  2 frilled lizards
  3 gnoll skeletons (D:9)
  9 goblins
  21 kobolds
  4 orc skeletons (D:9)
  10 orc zombies (D:9)
  5 rats
  A butterfly (D:4)
340 creatures vanquished.

Vanquished Creatures (others)
  An arcanist (D:5)
  A sky beast (D:8)
  14 foxfires
16 creatures vanquished.

Grand Total: 356 creatures vanquished

Notes
Turn   | Place    | Note
-------+----------+-------------------------------------------
     0 | D:1      | SnakkuSnakku7 the Formicid Cinder Acolyte began the quest
                  | for the Orb.
     0 | D:1      | Reached XP level 1. HP: 18/18 MP: 2/2
   313 | D:1      | Reached XP level 2. HP: 24/24 MP: 3/3
   328 | D:1      | Learned a level 2 spell: Jinxbite
   454 | D:1      | Reached skill level 1 in Hexes
  1023 | D:2      | Reached XP level 3. HP: 26/29 MP: 4/4
  1079 | D:2      | Noticed Natasha
  1094 | D:2      | Killed Natasha
  1095 | D:2      | Reached skill level 4 in Axes
  1095 | D:2      | Reached XP level 4. HP: 20/35 MP: 5/5
  1210 | D:2      | Found a blossoming altar of Fedhas.
  1371 | D:2      | Found a faded altar of an unknown god.
  1381 | D:2      | Found Pasyniat's Magic Scroll Emporium.
  1399 | D:2      | Bought a scroll of fog for 48 gold pieces
  1399 | D:2      | Bought a scroll of identify for 24 gold pieces
  1399 | D:2      | Bought a scroll of identify for 24 gold pieces
  1513 | D:2      | Noticed Natasha
  1532 | D:2      | Killed Natasha
  1585 | D:2      | Noticed Natasha
  1590 | D:2      | Killed Natasha
  1591 | D:2      | Reached XP level 5. HP: 35/41 MP: 6/6
  1696 | D:3      | Noticed an ice beast
  1704 | D:3      | Killed an ice beast
  1705 | D:3      | Reached skill level 5 in Axes
  1705 | D:3      | Reached XP level 6. HP: 34/47 MP: 7/7
  1790 | D:3      | Noticed Jessica
  1798 | D:3      | Killed Jessica
  1814 | D:3      | Noticed Robin
  1828 | D:3      | Killed Robin
  2703 | D:4      | Noticed a black bear
  2750 | D:4      | Noticed Edmund
  2790 | D:4      | Reached skill level 5 in Hexes
  2905 | D:4      | Reached XP level 7. HP: 30/52 MP: 8/8
  2914 | D:4      | Killed Edmund
  2915 | D:4      | Reached skill level 6 in Axes
  2930 | D:4      | Found Eres's Weapon Shoppe.
  3074 | D:4      | Found a staircase to the Ecumenical Temple.
  3084 | D:4      | Reached XP level 8. HP: 36/58 MP: 9/9
  3087 | Temple   | Entered the Ecumenical Temple
  3338 | D:4      | Reached skill level 7 in Axes
  3490 | D:4      | Found a transporter.
  3492 | D:4      | Noticed rozman's ghost (amateur MiFi)
  3497 | D:4      | Found a transporter.
  3593 | D:4      | Killed rozman's ghost
  3656 | D:5      | Entered Level 5 of the Dungeon
  3664 | D:5      | Reached skill level 8 in Axes
  3905 | D:5      | Reached XP level 9. HP: 40/64 MP: 10/10
  4090 | D:5      | Found a bloodstained altar of Trog.
  4091 | D:5      | Noticed a wizard
  4097 | D:5      | Killed a wizard
  4654 | D:6      | Reached skill level 9 in Axes
  5108 | D:6      | Reached skill level 10 in Hexes
  5212 | D:6      | Noticed Blork the orc
  5227 | D:6      | Reached skill level 10 in Axes
  5246 | D:6      | Killed Blork the orc
  5410 | D:5      | Reached XP level 10. HP: 14/70 MP: 11/11
  6301 | D:7      | Got the Codex of Phantasms
  6444 | D:7      | Identified the scarf of Unreason {repulsion, rF++}
  6923 | D:7      | Reached skill level 11 in Axes
  7279 | D:8      | Identified the +0 ring mail of Yfu Biz {Str+5}
  7286 | D:8      | Got the Quarto of the Grisly Bonfire
  7424 | D:8      | Noticed Erica
  7453 | D:7      | Reached skill level 12 in Axes
  7612 | D:8      | Killed Erica
  7807 | D:7      | Reached XP level 11. HP: 65/75 MP: 10/12
  8176 | D:8      | Reached skill level 13 in Axes
  8374 | D:8      | Identified the +8 ring mail of Kounuokh {rElec Regen+
                  | Int+3}
  8432 | D:8      | Noticed a two-headed ogre
  8444 | D:8      | Killed a two-headed ogre
  8471 | D:8      | Reached skill level 14 in Axes
  8773 | D:9      | Found a staircase to the Orcish Mines.
  9012 | D:9      | Reached skill level 15 in Axes
  9549 | D:10     | Entered Level 10 of the Dungeon
  9570 | D:10     | Noticed a two-headed ogre
  9588 | D:10     | Killed a two-headed ogre
  9606 | D:10     | Noticed a two-headed ogre
  9620 | D:10     | Killed a two-headed ogre
  9621 | D:10     | Reached XP level 12. HP: 81/81 MP: 13/13
  9846 | D:10     | Found a staircase to the Lair.
  9909 | D:10     | Reached skill level 16 in Axes
 10203 | Orc:1    | Entered Level 1 of the Orcish Mines
 10308 | Orc:2    | Entered Level 2 of the Orcish Mines
 10373 | Orc:2    | Found Xuablewu's Weapon Shop.
 10823 | Orc:2    | Noticed a centaur warrior
 10957 | D:4      | Bought the +8 frozen axe "Frostbite" {freeze, freezing
                  | cloud, *Noise Fly rC+} for 776 gold pieces
 10957 | D:4      | Found the +8 frozen axe "Frostbite" {freeze, freezing
                  | cloud, *Noise Fly rC+}
 11041 | D:2      | Bought a scroll of revelation for 90 gold pieces
 11248 | Lair:1   | Entered Level 1 of the Lair of Beasts
 11295 | Lair:1   | Reached skill level 5 in Fighting
 12150 | Lair:2   | Reached XP level 13. HP: 98/98 MP: 14/14
 12222 | Lair:2   | Found a staircase to the Swamp.
 12325 | Lair:2   | Reached skill level 10 in Fighting
 12347 | Lair:2   | Found a staircase to the Snake Pit.
 12372 | Lair:2   | Reached skill level 17 in Axes
 12448 | Lair:2   | Noticed a six-headed hydra
 12454 | Lair:2   | Killed a seven-headed hydra
 12576 | Lair:3   | Found a stormy altar of Qazlal.
 12639 | Lair:3   | Noticed a five-headed hydra
 12644 | Lair:3   | Killed a seven-headed hydra
 12792 | Lair:3   | Reached skill level 18 in Axes
 13103 | Lair:4   | HP: 2/87 [hell rat (10)]
 13103 | Lair:4   | Slain by a hell rat

Illustrated notes

Levels and vault maps discovered:
D:1:      denvon_arrival_planthouse, layout_basic, chequers_mini_garden
D:2:      layout_loops_ring, serial_shops, shop, basic_altar,
          shapermc_ecumenical_altar_acropolis, uniq_natasha
D:3:      layout_basic, wander_ebering_terrifying_dragon_lair, uniq_robin,
          uniq_jessica
D:4:      layout_loops_ring, minmay_temple_entry_butterflies, serial_shops,
          nicolae_shop_bloodbath_and_beyond, gammafunk_ghost_mausoleum,
          grunt_decor_mini_mirrors, uniq_edmund
D:5:      layout_basic, trog_wizard
D:6:      layout_cave_pods, uniq_blork_the_orc
D:7:      layout_basic
D:8:      layout_gridville, hangedman_misty_isle, uniq_erica
D:9:      layout_irregular_city, zombieorc1_lemuel
D:10:     layout_loops_ring, david_lair_generic
Temple:   mainiacjoe_temple_starburst
Lair:1:   layout_cave_pods
Lair:2:   layout_cellular_growth, minmay_swamp_entry_wisps,
          minmay_snake_entry_guardpost_large
Lair:3:   layout_roguey, basic_altar
Lair:4:   layout_cave_pods, portal_ice_cave_demonic_guard
Orc:1:    emtedronai_trogs_sanctum, layout_caves, serial_shops, shop,
          nicolae_shop_vocational
Orc:2:    st_orc_rangers, layout_caves, serial_shops, nicolae_shop_crystal,
          library_closet, lemuel_statue_altar, minmay_orc_temple_c

Skill      XL: |  1  2  3  4  5  6  7  8  9 10 11 12 13 |
---------------+----------------------------------------+-----
Hexes          | 1 2 3 4 5 6 8 10 11 | 11.3
Axes           | 4 5 6 8 10 12 15 16 18 | 18.3
Fighting       | 8 10 | 10.0
Spellcasting   | |  1.1
Fire Magic     | |  3.0

Action                     |  1- 3 |  4- 6 |  7- 9 | 10-12 | 13-15 || total
---------------------------+-------+-------+-------+-------+-------++-------
  Melee: Hand axe          |    81 |   164 |    10 |       |       ||   255
         Punch             |       |     1 |     3 |     7 |     1 ||    12
         Flail             |       |       |   278 |   597 |       ||   875
         Broad axe         |       |       |       |   211 |       ||   211
         Executioner's axe |       |       |       |    57 |   116 ||   173
   Cast: Jinxbite          |       |       |       |    39 |       ||    39
 Invoke: Fiery Armour      |       |     2 |     3 |     1 |     1 ||     7
         Foxfire Swarm     |       |       |     1 |       |       ||     1
Ability: Dig               |       |       |     1 |     4 |     1 ||     6
  Evoke: Wand              |       |       |       |     5 |       ||     5
    Use: Scroll            |       |     3 |     3 |     6 |     1 ||    13
         Potion            |       |       |     1 |     2 |       ||     3
   Stab: Paralysed         |       |       |       |    21 |       ||    21
 Armour: Plate armour      |    79 |   134 |   313 |   347 |       ||   873
         Robe              |     6 |       |       |       |       ||     6
         Ring mail         |       |       |       |   445 |   147 ||   592
  Dodge: Dodged            |    28 |    44 |    71 |   385 |    61 ||   589
